 Dungeon Crawl Stone Soup version 0.28-a0-726-g4a9143789a (webtiles) character file.

Game seed: 13274442371830775086

1 cheechan the Skirmisher (level 1, -11/19 HPs)
             Began as a Barachi Chaos Knight on Oct 27, 2021.
             Was a Plaything of Xom.
             Mangled by a faun (glowing shapeshifter) (17 damage)
             ... on level 1 of the Dungeon.
             The game lasted 00:00:07 (29 turns).

cheechan the Skirmisher (Barachi Chaos Knight)        Turns: 29, Time: 00:00:08

Health: -11/19     AC:  5    Str: 13    XL:     1   Next: 20%
Magic:  1/1        EV: 11    Int: 12    God:    Xom [..*...]
Gold:   0          SH:  0    Dex: 11    Spells: 0/0 levels left

rFire   . . .      SeeInvis .   a - +0 falchion (chaos)
rCold   . . .      Faith    .   (no shield)
rNeg    . . .      Spirit   .   b - +2 leather armour
rPois   .          Reflect  .   (no helmet)
rElec   .          Harm     .   (no cloak)
rCorr   .          Rampage  .   (no gloves)
Will    .....                   (no boots)
Stlth   +.........              (no amulet)
HPRegen 0.06/turn               (no ring)
MPRegen 0.07/turn               (no ring)

@: slow
A: amphibious, slowness 1, strong legs 1, +LOS
a: Hop, Renounce Religion


You were on level 1 of the Dungeon.
You worshipped Xom.
You were a toy of Xom.
You visited 1 branch of the dungeon, and saw 1 of its levels.

Inventory:

Hand Weapons
 a - a +0 falchion of chaos (weapon)
Armour
 b - a +2 leather armour (worn)
Scrolls
 c - a scroll of magic mapping {unknown}


   Skills:
 + Level 3.7 Fighting
 + Level 3.6 Long Blades
 + Level 2.5 Armour
 + Level 1.1 Dodging


You couldn't memorise any spells.
You didn't know any spells.
Your spell library was empty.

Dungeon Overview and Level Annotations

Branches:
Dungeon (1/15)

Altars:


Innate Abilities, Weirdness & Mutations

You are amphibious.
You cover ground slowly.
You can hop short distances.
You have an extended range of vision and can be seen from far away.


Message History

The rat bites you. The rat misses you.
You slash the rat! You burn the rat.
You kill the rat!
The ball python closely misses you. The ball python grabs you.
The ball python constricts you.
You closely miss the ball python. The ball python bites you.
The ball python constricts you.
The ball python bites you but does no damage.
You closely miss the ball python.
The ball python bites you but does no damage.
The ball python constricts you. The ball python bites you.
The ball python bites you but does no damage.
The ball python constricts you. The ball python barely misses you.
You slash the ball python!
Lightning courses through the ball python!
You kill the ball python!
The ball python barely misses you. The ball python constricts you.
You escape the ball python's grasp.
The ball python closely misses you. The ball python barely misses you.
You closely miss the ball python. The ball python completely misses you.
The ball python closely misses you.
You hit the ball python but do no damage.
The ball python changes into a glowing shapeshifter!
Xom thinks this is hilarious!
The glowing shapeshifter changes into a sea snake!
You hit the sea snake but do no damage. The sea snake bites you.
You hit the sea snake.
Lightning courses through the sea snake!
The sea snake is moderately wounded.
The sea snake changes into a swamp worm!
You barely miss the swamp worm. The swamp worm bites you.
You hit the swamp worm.
The swamp worm seems to speed up.
The swamp worm is lightly wounded.
The swamp worm changes into a faun!
You hit the faun.
The faun is lightly wounded.
The faun hits you!
Ouch! That really hurt!
You die...
Xom bursts into laughter!

#..≈...≈≈≈.#
#......≈≈≈(#
#......≈≈≈.#
#..<.≈.≈≈≈.#
#....≈≈≈≈≈.#
#....≈≈≈≈≈.#
#....≈≈≈≈≈.#
#...≈≈≈≈≈#.#
#c@#######.#
#........# #
#...........
#...........#
#...........#
#...........#
#........####
#........#
#........#


You could see a faun shaped shifter.

Vanquished Creatures
  A ball python (D:1)
  A rat (D:1)
2 creatures vanquished.

Notes
Turn   | Place    | Note
-------+----------+-------------------------------------------
     0 | D:1      | cheechan the Barachi Chaos Knight began the quest for the
                  | Orb.
     0 | D:1      | Reached XP level 1. HP: 18/18 MP: 1/1
    24 | D:1      | Noticed a glowing shapeshifter
    24 | D:1      | a ball python changed into a glowing shapeshifter
    24 | D:1      | Noticed a sea snake
    24 | D:1      | a glowing shapeshifter changed into a sea snake
    26 | D:1      | Noticed a swamp worm
    26 | D:1      | a sea snake changed into a swamp worm
    28 | D:1      | Noticed a faun
    28 | D:1      | a swamp worm changed into a faun
    29 | D:1      | Mangled by a faun (glowing shapeshifter)

Illustrated notes

Levels and vault maps discovered:
D:1:      dpeg_arrival_pond, layout_basic, minmay_tetromino_t2

Action                   || total
-------------------------++-------
Melee: Falchion          ||    11
Armor: Leather armour    ||     3
Dodge: Dodged            ||     9

Table legend: (Time is in decaauts)
 A = Elapsed time spent in this place.
 B = Non-inter-level travel time spent in this place.
 C = Inter-level travel time spent in this place.
 D = Time resting spent in this place.
 E = Time spent auto-exploring this place.
 F = Levels seen in this place.
 G = Mean time per level.
                   A        B        C        D        E       F      G
               +--------+--------+--------+--------+--------+-----+--------+
         Total |     33 |     33 |      0 |      0 |      0 |   1 |   33.0 |
       Dungeon |     33 |     33 |      0 |      0 |      0 |   1 |   33.0 |
               +--------+--------+--------+--------+--------+-----+--------+

Top non-repeatable levels by time:
     D:1: 33 daAuts
